 Dungeon Crawl Stone Soup version 0.29.0-4-gdea44cf6ec (webtiles) character file.

Game seed: 2892434952187956677

229 qw the Chopper (level 6, -1/35 HPs)
             Began as a Tengu Warper on Aug 28, 2022.
             Slain by an iguana (7 damage)
             ... on level 4 of the Dungeon.
             The game lasted 00:00:25 (4611 turns).

qw the Chopper (Tengu Warper)                       Turns: 4611, Time: 00:00:25

Health: -1/35      AC: 13    Str: 14    XL:     6   Next: 3%
Magic:  10/10      EV:  5    Int: 13    God:
Gold:   129        SH:  0    Dex: 13    Spells: 9/9 levels left

rFire   . . .      SeeInvis .   Y - +0 hand axe
rCold   . . .      Faith    .   (no shield)
rNeg    . . .      Spirit   .   a - +0 plate armour
rPois   .          Reflect  .   (helmet restricted)
rElec   .          Harm     .   (no cloak)
rCorr   .          Rampage  .   e - +1 pair of gloves
Will    .....                   (boots unavailable)
Stlth   ..........              (no amulet)
HPRegen 0.11/turn               (no ring)
MPRegen 0.12/turn               (no ring)

@: about to teleport, flying quickly and evasively, quick
A: beak, talons 3, nimble flight
a: no special abilities


You were on level 4 of the Dungeon.
You visited 1 branch of the dungeon, and saw 4 of its levels.

You collected 129 gold pieces.


Innate Abilities, Weirdness & Mutations

You have a beak for a mouth.
You have claws for feet.
Your magical nature lets you fly swiftly and evasively.


   Skills:
 - Level 2.0 Fighting
 - Level 6.4 Axes
 - Level 1.0 Throwing
 + Level 2.1 Armour
 - Level 2.1 Dodging
 - Level 2.0 Spellcasting
 - Level 2.4 Translocations


You had 9 spell levels left.
You didn't know any spells.
Your spell library contained the following spells:

 Spells                   Type           Power      Damage    Failure   Level
 Blink                    Tloc           14%        N/A       100%        2
 Gell's Gravitas          Tloc           7%         N/A       100%        3
 Lesser Beckoning         Tloc           7%         N/A       100%        3
 Teleport Other           Tloc           7%         N/A       100%        3
 Manifold Assault         Tloc           7%         N/A       100%        5

Inventory:

Hand Weapons
 l - a +0 flail
 Y - a +0 hand axe (weapon)
Missiles
 k - 3 boomerangs (quivered)
Armour
 a - a +0 plate armour (worn)
 e - a +1 pair of gloves (worn)
Scrolls
 c - a scroll of identify
 h - a scroll of teleportation
Potions
 g - a potion of brilliance {unknown}
 i - a potion of degeneration {unknown}
 j - 2 potions of resistance

Dungeon Overview and Level Annotations

Branches:
Dungeon (4/15)
 Temple: D:4-7

Altars:
Kikubaaqudgha


Message History

You hit the orc.
The orc is moderately wounded.
The orc hits you but does no damage.
You hit the orc but do no damage.
The orc is moderately wounded.
The orc hits you with a +0 hand axe.
You hit the orc. You claw the orc, but do no damage. Your peck misses the orc.
The orc is heavily wounded.
The orc barely misses you.
You barely miss the orc.
The orc is heavily wounded.
The orc hits you but does no damage.
You slash the orc!
You kill the orc!
You hit the iguana but do no damage.
The iguana bites you but does no damage.
You barely miss the iguana. Your kick misses the iguana. The iguana bites you.
You hit the iguana but do no damage.
The iguana bites you but does no damage.
You hit the iguana. Your peck misses the iguana.
The iguana is lightly wounded.
The iguana bites you!
You hit the iguana. You claw the iguana, but do no damage.
The iguana is moderately wounded.
The iguana barely misses you.
You hit the iguana. You peck the iguana, but do no damage.
The iguana is moderately wounded.
The iguana bites you.
You hit the iguana. You peck the iguana.
The iguana is severely wounded.
The iguana bites you.
4610 ||| READING 2 scrolls of teleportation.
As you read the scroll of teleportation, it crumbles to dust.
You feel strangely unstable. The iguana completely misses you.
You closely miss the iguana.
The iguana is severely wounded.
The iguana bites you!
You die...

.... # ...#.##
...#.. ..... #.
...# .... ...#
.....#####)..####
.......<.@l......
...>.............
.########...#####
....# ##..# ..#
>.# ..# .#


You could see an iguana.

Vanquished Creatures
  A scorpion (D:3)
  An orc wizard (D:4)
  A gnoll (D:1)
  3 adders (D:2)
  An ufetubus (D:3)
  3 worms
  2 dart slugs (D:1)
  7 orcs
  8 ball pythons
  2 bats (D:2)
  10 endoplasms
  3 giant cockroaches
  7 goblins
  8 hobgoblins
  3 jackals (D:1)
  A quokka (D:1)
  7 frilled lizards
  10 kobolds
  7 rats
85 creatures vanquished.

Notes
Turn   | Place    | Note
-------+----------+-------------------------------------------
     0 | D:1      | qw the Tengu Warper began the quest for the Orb.
     0 | D:1      | Reached XP level 1. HP: 12/12 MP: 4/4
     0 | D:1      | 0 ||| qw: Version: 0.1-a-89-g26bdef1
     0 | D:1      | 0 ||| qw: Game counter: 1797
     0 | D:1      | 0 ||| qw: Always use a shield: true
     0 | D:1      | 0 ||| qw: God list: Okawaru
     0 | D:1      | 0 ||| qw: Allow faded altars: false
     0 | D:1      | 0 ||| qw: Do Orc after D:15 true
     0 | D:1      | 0 ||| qw: Do second Lair branch before Depths: true
     0 | D:1      | 0 ||| qw: Lair rune preference: random
     0 | D:1      | 0 ||| qw: Plans: Normal
     0 | D:1      | 0 ||| PLANNING D:1-11
    57 | D:1      | Reached skill level 3 in Axes
    57 | D:1      | Reached XP level 2. HP: 7/17 MP: 6/6
   274 | D:1      | 274 ||| Stepping ~*~*~tactically~*~*~ (stealth).
   277 | D:1      | 277 ||| Stepping ~*~*~tactically~*~*~ (stealth).
   300 | D:1      | 300 ||| Stepping ~*~*~tactically~*~*~ (stealth).
   585 | D:1      | Reached XP level 3. HP: 12/21 MP: 7/7
   954 | D:1      | 954 ||| Stepping ~*~*~tactically~*~*~ (stealth).
   955 | D:1      | 955 ||| Stepping ~*~*~tactically~*~*~ (stealth).
   964 | D:1      | Reached skill level 4 in Axes
  1311 | D:1      | 1311 ||| READING scroll labelled YNTYTILIMN.
  1312 | D:1      | 1312 ||| READING scroll labelled EFAPSI GATSO.
  1313 | D:1      | 1313 ||| READING scroll labelled XUUFEL WABY.
  1314 | D:1      | 1314 ||| READING scroll labelled GEAGUA ISURHU.
  1319 | D:1      | 1319 ||| DROPPING scroll of blinking.
  1395 | D:2      | 1395 ||| Stepping ~*~*~tactically~*~*~ (stealth).
  1398 | D:2      | Reached XP level 4. HP: 23/26 MP: 8/8
  1458 | D:2      | Found a faded altar of an unknown god.
  1723 | D:2      | 1723 ||| DROPPING +0 club.
  1949 | D:2      | 1949 ||| Stepping ~*~*~tactically~*~*~ (stealth).
  1951 | D:2      | 1951 ||| Stepping ~*~*~tactically~*~*~ (stealth).
  2141 | D:2      | Reached skill level 5 in Axes
  2255 | D:2      | 2255 ||| Stepping ~*~*~tactically~*~*~ (stealth).
  2470 | D:2      | 2470 ||| FLEEEEING.
  2471 | D:2      | 2471 ||| FLEEEEING.
  2472 | D:2      | 2472 ||| FLEEEEING.
  2473 | D:2      | 2473 ||| FLEEEEING.
  2474 | D:2      | 2474 ||| FLEEEEING.
  2475 | D:2      | 2475 ||| FLEEEEING.
  2615 | D:2      | 2615 ||| Stepping ~*~*~tactically~*~*~ (stealth).
  2617 | D:2      | 2617 ||| Stepping ~*~*~tactically~*~*~ (stealth).
  2618 | D:2      | 2618 ||| Stepping ~*~*~tactically~*~*~ (stealth).
  2621 | D:2      | 2621 ||| Stepping ~*~*~tactically~*~*~ (stealth).
  2633 | D:2      | 2633 ||| Stepping ~*~*~tactically~*~*~ (stealth).
  2634 | D:2      | 2634 ||| Stepping ~*~*~tactically~*~*~ (stealth).
  2635 | D:2      | 2635 ||| Stepping ~*~*~tactically~*~*~ (stealth).
  3101 | D:2      | 3101 ||| DROPPING ring of wizardry.
  3102 | D:2      | 3102 ||| READING scroll labelled YRUQOOTIDO.
  3103 | D:2      | 3103 ||| READING scroll labelled JAMAUS ODWU.
  3104 | D:2      | 3104 ||| READING scroll labelled TUBBASCHABYA.
  3242 | D:2      | 3242 ||| READING scroll labelled ZEF QEXKIDUI.
  3243 | D:2      | 3243 ||| DRINKING 2 fizzy black potions.
  3244 | D:2      | 3244 ||| READING 2 scrolls of identify.
  3244 | D:2      | 3244 ||| IDENTIFYING emerald potion
  3245 | D:2      | 3245 ||| DROPPING potion of attraction.
  3267 | D:3      | 3267 ||| STAIRDANCE
  3448 | D:3      | 3448 ||| Stepping ~*~*~tactically~*~*~ (stealth).
  3450 | D:3      | 3450 ||| Stepping ~*~*~tactically~*~*~ (stealth).
  3466 | D:3      | Noticed a scorpion
  3474 | D:3      | Killed a scorpion
  3475 | D:3      | Reached skill level 6 in Axes
  3475 | D:3      | Gained mutation: Your magical nature lets you fly swiftly
                  | and evasively. [Tengu growth]
  3475 | D:3      | Reached XP level 5. HP: 26/30 MP: 9/9
  3646 | D:3      | 3646 ||| Stepping ~*~*~tactically~*~*~ (stealth).
  3648 | D:3      | 3648 ||| Stepping ~*~*~tactically~*~*~ (stealth).
  3950 | D:3      | 3950 ||| DROPPING +0 whip.
  4414 | D:3      | Found an ancient bone altar of Kikubaaqudgha.
  4520 | D:3      | 4520 ||| UPGRADING to +0 plate armour.
  4530 | D:3      | 4530 ||| DROPPING +0 leather armour.
  4531 | D:3      | 4531 ||| UPGRADING to +1 pair of gloves.
  4536 | D:3      | 4536 ||| DROPPING amulet of faith.
  4537 | D:3      | 4537 ||| READING 2 scrolls of identify.
  4537 | D:3      | 4537 ||| IDENTIFYING bubbling pink potion
  4591 | D:4      | 4591 ||| DRINKING potion of curing.
  4591 | D:4      | 4591 ||| (to cure confusion)
  4597 | D:4      | Reached XP level 6. HP: 25/35 MP: 10/10
  4609 | D:4      | HP: 6/35 [iguana (3)]
  4610 | D:4      | 4610 ||| READING 2 scrolls of teleportation.
  4611 | D:4      | Slain by an iguana

Levels and vault maps discovered:
D:1:      dpeg_arrival_signposts, layout_rooms
D:2:      minmay_alternating_diamond, layout_loops_corners,
          ebering_ecumenical_altar_mist
D:3:      cheibrodos_helix_gallery, layout_basic, kiku_gazebo_pond_becter,
          st_stairs_12, chequers_decorated_corner, minmay_hedge_maze,
          chequers_serial_rivers_small_3
D:4:      layout_loops_ring, amcnicky_altar_gilded, serial_shops,
          nicolae_shop_trees

Skill      XL: |  1  2  3  4  5 |
---------------+----------------+-----
Axes           | 3 4 6 |  6.4
Armour         | 2 |  2.1
Fighting       | |  2.0
Throwing       | |  1.0
Dodging        | |  2.1
Spellcasting   | |  2.0
Translocations | |  2.4

Action                   |  1- 3 |  4- 6 || total
-------------------------+-------+-------++-------
Melee: Hand axe          |    69 |   156 ||   225
       Kick              |    17 |    28 ||    45
       Peck              |    10 |    21 ||    31
       Punch             |     1 |       ||     1
Throw: Boomerang         |     7 |     5 ||    12
  Use: Scroll            |     4 |     7 ||    11
       Potion            |       |     2 ||     2
Armor: Leather armour    |    10 |    20 ||    30
       Plate armour      |       |    12 ||    12
Dodge: Dodged            |    36 |    74 ||   110

Table legend:
 A = Non-vault XP
 B = Vault XP
 C = Vault XP percentage of total XP
 D = Non-vault monster count
 E = Vault monster count
 F = Vault count percentage of total count
                 A         B        C        D         E       F
            +---------+---------+-------+---------+---------+-------
      Total |     318 |      10 |   3.0 |      78 |       7 |   8.2
            +---------+---------+-------+---------+---------+-------
        D:1 |      66 |       0 |   0.0 |      30 |       0 |   0.0
        D:2 |      78 |       5 |   6.0 |      24 |       4 |  14.3
        D:3 |     128 |       5 |   3.8 |      19 |       3 |  13.6
        D:4 |      46 |       0 |   0.0 |       5 |       0 |   0.0
            +---------+---------+-------+---------+---------+-------
